AoeStats
← King Rizzy

Arabia

509954520Analyzed
1v1 RM · 4d ago on Sep 28, 2026· 37m 24s· 2 players
Game mode
Random Map
Map size
Tiny (2 player)
Population
200
Speed
Normal
Resources
Standard
Victory
Conquest
Starting age
Dark Age
Ending age
Imperial Age
RankedLock teamsTeams togetherTeam positionsShared explorationLock speedFull tech treeHidden civsTurbo modeCheats
Victory
Defeat
🇵🇹 Varangians · Portugal
854
+15
🇬🇷 Byzantines · Greece
842
-15
King Rizzy
12:02 Feudal Age
11:05 Loom
12:28 Horse Collar
12:37 Double-Bit Axe
20:04 Castle Age
18:31 Scale Mail Armor
18:45 Stone Mining
19:15 Gold Mining
20:37 Fletching
20:58 Pikeman
22:27 Gambesons
27:01 Wheelbarrow
26:47 Heavy Plow
27:15 Elite Skirmisher
28:56 Bow Saw
29:59 Squires
30:44 Padded Archer Armor
32:09 Forging
STITCH
7:08 Loom
10:22 Feudal Age
10:58 Double-Bit Axe
11:28 Horse Collar
17:01 Wheelbarrow
21:16 Castle Age
19:58 Forging
19:53 Scale Barding Armor
19:43 Gold Mining
20:30 Bloodlines
20:54 Scale Barding Armor
22:43 Bow Saw
22:38 Heavy Plow
25:50 Husbandry
28:17 Iron Casting
31:22 Chain Barding Armor
31:35 Light Cavalry
Connection lost

Rejoining the realm…

Still unreachable

The connection could not be restored.

Session expired

The server has moved on; the page needs a fresh start.